 Dungeon Crawl Stone Soup version 0.23.2-1-ga50397a6bc (webtiles) character file.

Game seed: 17504826811829961931

1993 Kobolds4U the Covert (level 9, -8/41 HPs)
             Began as a Spriggan Assassin on May 30, 2019.
             Mangled by a yak (15 damage)
             ... on level 6 of the Dungeon.
             The game lasted 00:26:40 (8517 turns).

Kobolds4U the Covert (Spriggan Assassin)            Turns: 8517, Time: 00:26:40

Health: -8/41      AC:  3    Str:  7    XL:     9   Next: 1%
Magic:  10/10      EV: 19    Int: 13    God:
Gold:   320        SH: 12    Dex: 20    Spells: 8/8 levels left

rFire    . . .     SeeInvis +   a - +0 rapier
rCold    + . .     Gourm    .   q - +0 buckler
rNeg     . . .     Faith    .   c - +0 robe
rPois    .         Spirit   .   (helmet restricted)
rElec    .         Reflect  .   d - +0 cloak
rCorr    .         Harm     .   (gloves unavailable)
MR       +....                  (boots unavailable)
Stlth    ++++++....             m - amulet of the acrobat
HPRegen  0.13/turn              (no ring)
MPRegen  0.12/turn              (no ring)

@: very quick
A: very small, unfitting armour, large bone plates 1, see invisible, cold
resistance 1, herbivore, speed 3, mutation resistance 1, slow metabolism 2
a: no special abilities


You were on level 6 of the Dungeon.
You were not hungry.

You visited 2 branches of the dungeon, and saw 7 of its levels.
You also visited: Sewer.

You collected 320 gold pieces.

Inventory:

Hand Weapons
 a - a +0 rapier (weapon)
 b - a +0 blowgun
 j - a +0 short sword
 r - a +2 dagger
 I - a +0 shortbow
Missiles
 f - 57 arrows
Armour
 c - a +0 robe (worn)
 d - a +0 cloak (worn)
 q - a +0 buckler (worn)
Jewellery
 m - an amulet of the acrobat (around neck)
Wands
 p - a wand of flame (20)
 y - a wand of paralysis (10)
Scrolls
 i - 4 scrolls of remove curse
 l - 6 scrolls of teleportation
 v - a scroll of blinking
 x - a scroll of amnesia
 A - 2 scrolls of enchant armour {unknown}
 C - 2 scrolls of fear {unknown}
 D - 3 scrolls of fog {unknown}
 G - a scroll of noise {unknown}
 H - a scroll of magic mapping
Potions
 h - 2 potions of agility
 k - a potion of cancellation
 n - 2 potions of curing
 o - a potion of invisibility
 s - 2 potions of might
 t - a potion of resistance
 u - a potion of ambrosia
 w - a potion of lignification {unknown}
 z - a potion of magic {unknown}
 B - 2 potions of brilliance {unknown}
Comestibles
 g - 7 rations


   Skills:
 - Level 1.5 Fighting
 - Level 4.1 Short Blades
 - Level 2.0 Throwing
 - Level 3.6 Dodging
 + Level 12.9 Stealth
 * Level 5.8 Shields


You had 8 spell levels left.
You didn't know any spells.
Your spell library was empty.

Dungeon Overview and Level Annotations

Branches:
Dungeon (6/15)             Temple (1/1) D:5

Altars:
Ashenzari
Cheibriados
Dithmenos
Elyvilon
Fedhas
Gozag
Hepliaklqana
Kikubaaqudgha
Makhleb
Nemelex Xobeh
Qazlal
Ru
Sif Muna
Trog
Uskayaw
Wu Jian
Xom
Yredelemnul
Zin

Shops:
D:4 =


Innate Abilities, Weirdness & Mutations

You are very small and have problems with some larger weapons.
You are too small for most types of armour.
You have supernaturally acute eyesight. (SInv)
You are a herbivore.
You cover ground extremely quickly.
You need to consume almost no food.
You are partially covered in large bone plates. (SH +4)
Your flesh is cold resistant. (rC+)
You are somewhat resistant to further mutation.


Message History

Press: ? - help, Shift-Dir - straight line, f - yak
Aim: a yak (moderately wounded, chance to confuse on hit: 19%)
You shoot a needle of confusion. The needle of confusion hits the yak.
The yak resists.
The yak is moderately wounded.
You see here a +2 antimagic dagger.
Firing (i - inventory)
F - a needle of confusion (quivered)
Press: ? - help, Shift-Dir - straight line, f/p - yak
Aim: a yak (moderately wounded, chance to confuse on hit: 19%)
You shoot a needle of confusion.
The needle of confusion barely misses the yak.
The needle of confusion hits the yak.
The yak resists.
a - a +0 rapier (weapon)
You barely miss the yak.
The yak is lightly wounded.
The yak completely misses you.
You hit the yak.
The yak is lightly wounded.
The yak gores you!
You die...

...#...#...... #.#..# #(#
.........# #.#.#..# #Y#
.......####### #.#.#..# #(#
.............# #.#.#..# #(#
...##........# #.#.#.. #.#
..###........# #[#.#.##.#Y#
.............# #.#.#... #.#
.............####Y#.#.####.##
................@Y..(..†.(..#
..............###.###########
.#............# #...
.#............#########
.......................
._.............#######.
.8.............#
._.............#
...............#


You could see 2 yaks.

Vanquished Creatures
  3 yaks (D:6)
  An ice beast (D:6)
  A sky beast (D:5)
  An ogre (D:3)
  3 centaurs (D:6)
  2 bullfrogs
  2 big kobolds (Sewer)
  2 scorpions
  3 howler monkeys
  A crimson imp (D:5)
  A hound (D:6)
  3 orc wizards
  2 iguanas
  5 worker ants
  A howler monkey skeleton (D:6)
  10 adders
  A river rat (Sewer)
  An ooze (D:2)
  2 adder skeletons
  5 worms
  4 dart slugs
  7 leopard geckos
  11 orcs
  11 bats
  5 giant cockroaches
  11 goblins
  11 hobgoblins
  6 jackals
  9 kobolds
  2 quokkas
  4 ball pythons
  4 frilled lizards
  A leopard gecko skeleton (D:6)
  A quokka skeleton (D:6)
  12 rats
149 creatures vanquished.

Vanquished Creatures (others)
  An ooze (D:1)
1 creature vanquished.

Grand Total: 150 creatures vanquished

Notes
Turn   | Place    | Note
-------+----------+-------------------------------------------
     0 | D:1      | Kobolds4U the Spriggan Assassin began the quest for the
                  | Orb.
     0 | D:1      | Reached XP level 1. HP: 10/10 MP: 2/2
    66 | D:1      | Reached skill level 6 in Stealth
   191 | D:1      | Reached XP level 2. HP: 14/14 MP: 3/3
   313 | D:1      | Reached skill level 7 in Stealth
   834 | D:1      | Reached XP level 3. HP: 18/18 MP: 4/4
  1345 | D:2      | Reached skill level 8 in Stealth
  1622 | D:2      | Gained mutation: Your body sometimes deteriorates upon
                  | taking damage. [potion of mutation]
  1622 | D:2      | Gained mutation: Armour fits poorly on your strangely
                  | shaped body. [potion of mutation]
  1622 | D:2      | Gained mutation: You are somewhat resistant to further
                  | mutation. [potion of mutation]
  1623 | D:2      | Lost mutation: Armour fits poorly on your strangely shaped
                  | body. [potion of mutation]
  1623 | D:2      | Lost mutation: Your body sometimes deteriorates upon taking
                  | damage. [potion of mutation]
  1623 | D:2      | Gained mutation: Your flesh is cold resistant. (rC+)
                  | [potion of mutation]
  1623 | D:2      | Gained mutation: You are partially covered in large bone
                  | plates. (SH +4) [potion of mutation]
  1979 | D:2      | Reached XP level 4. HP: 22/22 MP: 5/5
  2121 | D:2      | Found a stormy altar of Qazlal.
  2461 | D:3      | Noticed an ogre
  2550 | D:3      | Reached skill level 9 in Stealth
  2552 | D:3      | Killed an ogre
  2552 | D:3      | Reached skill level 10 in Stealth
  2552 | D:3      | Reached XP level 5. HP: 25/25 MP: 6/6
  3661 | D:4      | Reached XP level 6. HP: 14/30 MP: 7/7
  4214 | D:4      | Found an ornate altar of the Wu Jian Council.
  4598 | D:4      | Found Hotumn's Jewellery Shoppe.
  4915 | D:5      | Entered Level 5 of the Dungeon
  5011 | D:5      | Reached skill level 1 in Shields
  5049 | D:5      | Found a glowing drain.
  5088 | Sewer    | Entered a sewer
  5443 | Sewer    | Reached XP level 7. HP: 31/33 MP: 8/8
  6012 | D:5      | Reached skill level 11 in Stealth
  6374 | D:5      | Found a staircase to the Ecumenical Temple.
  6401 | Temple   | Entered the Ecumenical Temple
  6967 | D:6      | Noticed a yak
  6968 | D:6      | Noticed a yak
  6968 | D:6      | Noticed a yak
  6968 | D:6      | Noticed a yak
  6970 | D:6      | Noticed a yak
  7279 | D:6      | Reached XP level 8. HP: 37/37 MP: 9/9
  7298 | D:6      | Found a basalt altar of Yredelemnul.
  7298 | D:6      | Found a shadowy altar of Dithmenos.
  7452 | D:6      | Found a bloodstained altar of Trog.
  7781 | D:6      | Reached skill level 12 in Stealth
  8185 | D:6      | Reached skill level 5 in Shields
  8502 | D:6      | Reached XP level 9. HP: 14/41 MP: 10/10
  8517 | D:6      | Mangled by a yak

Skill      XL: |  1  2  3  4  5  6  7  8 |
---------------+-------------------------+-----
Stealth        | 6 7 8 10 11 12 | 12.9
Dodging        | 2 3 |  3.6
Short Blades   | 3 4 |  4.1
Shields        | 1 3 5 |  5.8
Fighting       | |  1.5
Throwing       | |  2.0

Action                   |  1- 3 |  4- 6 |  7- 9 || total
-------------------------+-------+-------+-------++-------
Melee: Dagger            |   118 |    86 |       ||   204
       Rapier            |       |   218 |   273 ||   491
 Fire: Blowgun           |    30 |    58 |    63 ||   151
  Use: Scroll            |     2 |    10 |     3 ||    15
       Potion            |     2 |       |     2 ||     4
 Stab: Sleeping          |     9 |    18 |     4 ||    31
       Distracted        |     1 |     2 |     1 ||     4
  Eat: Ration            |       |     1 |     2 ||     3
Armor: Robe              |    22 |    26 |    20 ||    68
Dodge: Dodged            |   115 |   234 |   234 ||   583
Block: Other             |       |    48 |    54 ||   102
       Buckler           |       |       |     4 ||     4
